 Dungeon Crawl Stone Soup version 0.28.0-53-g5a82cb258f (webtiles) character file.

Game seed: 7792646019522717424

1033 valliere the Chucker (level 8, -3/70 HPs)
             Began as a Troll Brigand on May 28, 2022.
             Was a Priest of Okawaru.
             Succumbed to a killer bee's poison
             ... on level 6 of the Dungeon.
             The game lasted 00:24:13 (4368 turns).

valliere the Chucker (Troll Brigand)                Turns: 4368, Time: 00:24:13

Health: -3/70      AC:  5    Str: 20    XL:     8   Next: 3%
Magic:  5/7        EV: 12    Int:  7    God:    Okawaru [***...]
Gold:   295        SH:  0    Dex: 13    Spells: 7/7 levels left

rFire   . . .      SeeInvis .     - Unarmed
rCold   . . .      Faith    .   (no shield)
rNeg    . . .      Spirit   .   b - +0 robe
rPois   .          Reflect  .   (helmet restricted)
rElec   .          Harm     .   c - +0 cloak
rCorr   +          Rampage  .   (gloves unavailable)
Will    .....                   (boots unavailable)
Stlth   ++++......              r - amulet of the acrobat
HPRegen 1.01/turn               E - ring of resist corrosion
MPRegen 0.10/turn               (no ring)

@: lethally poisoned (-3 -> -14), heroic
A: large, unfitting armour, claws 3, regeneration 1, shaggy fur 1, tough skin 1
a: Renounce Religion, Heroism


You were on level 6 of the Dungeon.
You worshipped Okawaru.
Okawaru was most pleased with you.
You visited 2 branches of the dungeon, and saw 7 of its levels.

You collected 295 gold pieces.

Inventory:

Hand Weapons
 k - the +6 mace of the Lettuce {drain, *Noise rN+++ Str+5}
   (You found it on level 2 of the Dungeon)

   A truly terrible weapon, it drains the life of any living foe it strikes.
   Str:       It affects your strength (+5).
   rN:        It renders you almost immune to negative energy.
   *Noise:    It may make noises in combat.
Missiles
 a - 172 stones (quivered)
 e - 2 curare-tipped darts
 x - 8 poisoned darts
Armour
 b - a +0 robe (worn)
 c - a +0 cloak (worn)
Jewellery
 r - an amulet of the acrobat (around neck)
 E - a ring of resist corrosion (left claw)
Wands
 w - a wand of paralysis (5)
 A - a wand of iceblast (6)
 B - a wand of flame (20)
Scrolls
 d - 4 scrolls of blinking {unknown}
 f - 8 scrolls of identify {unknown}
 h - 2 scrolls of vulnerability {unknown}
 i - a scroll of brand weapon {unknown}
 m - a scroll of fear {unknown}
 q - a scroll of immolation {unknown}
 v - 3 scrolls of teleportation {unknown}
 y - a scroll of enchant armour {unknown}
 z - a scroll of holy word {unknown}
Potions
 g - 4 potions of curing {unknown}
 j - a potion of resistance {unknown}
 l - a potion of magic {unknown}
 n - a potion of haste {unknown}
 o - a potion of brilliance {unknown}
 p - a potion of mutation {unknown}
 s - 2 potions of flight {unknown}
 t - 2 potions of heal wounds {unknown}
 u - a potion of attraction {unknown}
 D - a potion of ambrosia {unknown}


   Skills:
 - Level 1.5(6.5) Fighting
 - Level 1.5(6.5) Short Blades
 * Level 6.5(11.5) Throwing
 - Level 0.7(5.7) Dodging
 - Level 2.8(7.8) Stealth
 + Level 4.6(9.6) Unarmed Combat
 - Level 0.2 Invocations
 + Level 1.8 Evocations


You had 7 spell levels left.
You didn't know any spells.
Your spell library contained the following spells:

 Spells                   Type           Power      Damage    Failure   Level
 Ensorcelled Hibernation  Hex/Ice        0%         N/A       56%         2
 Passwall                 Tmut/Erth      0%         N/A       56%         2
 Swiftness                Air            0%         N/A       80%         3
 Orb of Destruction       Conj           0%         9d5       100%        7
 Summon Guardian Golem    Hex/Summ       Unusable   N/A       N/A         3
 Spellforged Servitor     Conj/Summ      Unusable   N/A       N/A         7

Dungeon Overview and Level Annotations

Branches:
Dungeon (6/15)             Temple (1/1) D:4

Altars:
Ashenzari
Cheibriados
Dithmenos
Fedhas
Hepliaklqana
Kikubaaqudgha
Makhleb
Nemelex Xobeh
Okawaru
Qazlal
Ru
Sif Muna
Trog
Uskayaw
Vehumet
Yredelemnul
Zin
The Shining One

Shops:
D:6 [=


Innate Abilities, Weirdness & Mutations

You are too large for most types of armour.
You have claws for hands.
Your natural rate of healing is unusually fast.
You are covered in fur. (AC +1)
You have tough skin. (AC +1)


Message History

You throw a javelin.
The javelin closely misses the killer bee.
The javelin misses the killer bee.
You feel very sick. The killer bee stings you!
You are more poisoned.
The killer bee poisons you!
The killer bee stings you but does no damage.
The killer bee closely misses you. The killer bee barely misses you.
The killer bee stings you but does no damage.
You scratch the killer bee but do no damage.
The killer bee is severely wounded.
You feel very sick. The killer bee stings you. x2
* * * LOW HITPOINT WARNING * * *
You are more poisoned.
The killer bee poisons you!
The killer bee stings you but does no damage.
The killer bee barely misses you.
You claw the killer bee!
You kill the killer bee!
Okawaru accepts your kill.
* * * LOW HITPOINT WARNING * * *
You feel very sick.
The killer bee stings you but does no damage.
The killer bee barely misses you.
You have reached level 8!
You barely miss the killer bee.
The killer bee is severely wounded.
You feel very sick.
The killer bee stings you but does no damage.
The killer bee stings you.
* * * LOW HITPOINT WARNING * * *
You feel very sick.
The killer bee misses you. x2; The killer bee stings you!
* * * LOW HITPOINT WARNING * * *
You are more poisoned.
The killer bee poisons you! The killer bee completely misses you.
You gain the combat prowess of a mighty hero.
You die...

#..............#
#..#####.......#
#..#####.......#
###..##..........#
..............##.#
.....#........##.#
###.##.#+##......#
..........#......#
.##....####.....@#######
.......+ +..?..yy.....#
.......# #.....#y.....#
)...##(# #.....#......#
....##.# ####+##......#
....##.# .......#
....##.# .......#
....##.# ...(...# ....#
.. ((...####


You could see 3 killer bees.

Vanquished Creatures
  A sky beast (D:5)
  A necrophage (D:4)
  A phantom (D:4)
  A bullfrog (D:4)
  2 killer bees (D:6)
  2 gnoll shamans
  2 bullfrog zombies (D:5)
  2 hounds (D:4)
  An orc priest (D:5)
  2 centaur skeletons
  Terence (D:3)
  2 iguanas
  2 orc wizards
  A hound skeleton (D:5)
  4 adders
  10 gnolls
  A howler monkey skeleton (D:6)
  A shadow imp (D:5)
  A worm (D:2)
  A dart slug (D:3)
  18 orcs
  3 bats
  5 giant cockroaches
  7 hobgoblins
  5 kobolds
  3 quokkas
  6 ball pythons
  3 frilled lizards
  5 goblins
  2 rats
96 creatures vanquished.

Notes
Turn   | Place    | Note
-------+----------+-------------------------------------------
     0 | D:1      | valliere the Troll Brigand began the quest for the Orb.
     0 | D:1      | Reached XP level 1. HP: 19/19 MP: 0/0
   383 | D:1      | Reached skill level 2 in Throwing
   391 | D:1      | Reached XP level 2. HP: 27/27 MP: 1/1
   659 | D:1      | Found a faded altar of an unknown god.
   736 | D:1      | Prayed at the altar of an unknown god.
   736 | D:1      | Became a worshipper of Warmaster Okawaru
   736 | D:1      | Reached * piety under Okawaru
   764 | D:2      | Reached XP level 3. HP: 32/33 MP: 2/2
   972 | D:2      | Reached skill level 1 in Unarmed Combat
  1254 | D:2      | Identified the +6 mace of the Lettuce {drain, *Noise rN+++
                  | Str+5}
  1628 | D:3      | Noticed Terence
  1638 | D:3      | Reached skill level 3 in Throwing
  1638 | D:3      | Reached XP level 4. HP: 39/41 MP: 0/3
  1649 | D:3      | Killed Terence
  2172 | D:4      | Noticed a phantom
  2177 | D:4      | Killed a phantom
  2177 | D:4      | Reached ** piety under Okawaru
  2178 | D:4      | Reached skill level 4 in Throwing
  2178 | D:4      | Reached XP level 5. HP: 41/48 MP: 1/4
  2239 | D:4      | Noticed a necrophage
  2249 | D:4      | Killed a necrophage
  2250 | D:4      | Reached XP level 6. HP: 48/55 MP: 2/5
  2407 | D:4      | Reached skill level 5 in Throwing
  2784 | D:4      | Found a staircase to the Ecumenical Temple.
  2791 | Temple   | Entered the Ecumenical Temple
  2938 | D:4      | Found a hide-covered altar of Uskayaw.
  3269 | D:5      | Entered Level 5 of the Dungeon
  3278 | D:5      | Reached XP level 7. HP: 61/62 MP: 6/6
  3432 | D:5      | Reached skill level 1 in Evocations
  3826 | D:5      | Reached skill level 6 in Throwing
  4136 | D:6      | Found a bloodstained altar of Trog.
  4140 | D:6      | Found a hazy altar of Hepliaklqana.
  4205 | D:6      | Found Eplyso's Jewellery Emporium.
  4297 | D:6      | Found Liexabbo's Antique Armour Shoppe.
  4302 | D:6      | Reached *** piety under Okawaru
  4366 | D:6      | Reached XP level 8. HP: 14/70 MP: 7/7
  4367 | D:6      | HP: 1/70 [killer bee (8)]
  4368 | D:6      | Succumbed to a killer bee's poison

Illustrated notes

Levels and vault maps discovered:
D:1:      heliophobic_arrival_henge, layout_loops_ring,
          shapermc_ecumenical_altar_mp_vishouse, serial_forest,
          infiniplex_forest_end_1, infiniplex_forest_clump_medium,
          infiniplex_forest_lined_room_3, infiniplex_forest_lined_ring
D:2:      layout_loops_ring, minmay_hexomino_u4
D:3:      layout_basic, chequers_serial_rivers_room_b, uniq_terence
D:4:      wad_crossroads, layout_basic,
          nicolae_uskayaw_murder_on_the_dancefloor, temple_green
D:5:      layout_cave_pools
D:6:      layout_basic, minitemple, serial_shops, shop, shop, shop_statue,
          minmay_shop_enchanted_jewellery
Temple:   regret_index_temple_waves

Skill      XL: |  1  2  3  4  5  6  7 |
---------------+----------------------+-----
Throwing       | 2 3 4 5 6 |  6.5
Unarmed Combat | 1 2 3 4 |  4.6
Evocations     | 1 |  1.8
Fighting       | |  1.5
Short Blades   | |  1.5
Dodging        | |  0.7
Stealth        | |  2.8
Invocations    | |  0.2

Action                   |  1- 3 |  4- 6 |  7- 9 || total
-------------------------+-------+-------+-------++-------
Melee: Dagger            |     3 |       |       ||     3
       Unarmed           |    56 |    75 |   100 ||   231
       Punch             |     1 |     1 |     3 ||     5
Throw: Dart              |    30 |     9 |    14 ||    53
       Stone             |    35 |    44 |    39 ||   118
       Javelin           |       |       |     6 ||     6
Invok: Heroism           |     1 |     3 |     3 ||     7
 Stab: Sleeping          |       |     1 |       ||     1
       Distracted        |       |       |     1 ||     1
Armor: Robe              |    25 |    23 |    40 ||    88
Dodge: Dodged            |    19 |    25 |    50 ||    94
